 Dungeon Crawl Stone Soup version 0.26-a0-812-g31a745ddcd (webtiles) character file.

Game seed: 5539886188335206739

1045 night the Tainter (level 8, -5/52 HPs)
             Began as a Demonspawn Venom Mage on Dec 10, 2020.
             Killed by divine providence
             ... invoked by an orc priest
              (12 damage)
             ... on level 5 of the Dungeon.
             The game lasted 00:14:35 (5857 turns).

night the Tainter (Demonspawn Venom Mage)           Turns: 5857, Time: 00:14:35

Health: -5/52      AC:  5    Str:  8    XL:     8   Next: 4%
Magic:  8/24       EV: 12    Int: 20    God:
Gold:   245        SH:  0    Dex: 13    Spells: 4/17 levels left

rFire    . . .     SeeInvis .   s - +2 whip (elec)
rCold    . . .     Faith    .   (no shield)
rNeg     + . .     Spirit   .   E - +2 robe {rN+}
rPois    .         Reflect  .   (no helmet)
rElec    .         Harm     .   (no cloak)
rCorr    +         Rampage  .   (no gloves)
MR       .....                  (no boots)
Stlth    ++........             b - amulet of the acrobat
HPRegen  0.17/turn              y - ring of magical power
MPRegen  0.19/turn              C - ring of resist corrosion

@: very slightly contaminated
A: hooves 2, spiny 1, rot immunity, sharp scales 1
a: no special abilities


You were on level 5 of the Dungeon.
You visited 1 branch of the dungeon, and saw 5 of its levels.

You collected 245 gold pieces.

Inventory:

Hand Weapons
 e - a +0 short sword
 f - a +1 mace of venom
 s - a +2 whip of electrocution (weapon)
Missiles
 a - 5 boomerangs
 h - 212 stones
 i - 28 sling bullets
 j - 47 poisoned darts (quivered)
 n - 6 datura-tipped darts
 B - 3 curare-tipped darts
Armour
 E - a +2 robe of positive energy (worn)
Jewellery
 b - an amulet of the acrobat (around neck)
 u - an uncursed ring of protection from cold
 y - a ring of magical power (left hand)
 C - a ring of resist corrosion (right hand)
Scrolls
 k - a scroll of enchant armour
 o - a scroll of amnesia
 p - a scroll of remove curse
 q - a scroll of noise {unknown}
 r - 2 scrolls of teleportation
 w - 3 scrolls of fear {unknown}
Potions
 c - 2 potions of haste
 d - 3 potions of flight
 g - a potion of brilliance {unknown}
 l - 2 potions of degeneration {unknown}
 v - 2 potions of ambrosia
 x - a potion of mutation {unknown}
 z - a potion of berserk rage {unknown}
 A - a potion of attraction {unknown}
 D - 2 potions of lignification {unknown}


   Skills:
 - Level 1.7 Dodging
 - Level 1.7 Stealth
 + Level 5.2 Spellcasting
 - Level 0.8 Transmutations
 * Level 8.3 Poison Magic


You had 4 spell levels left.
You knew the following spells:

 Your Spells              Type           Power        Failure   Level
a - Sting                 Tmut/Pois      ###.         1%          1
b - Poisonous Vapours     Pois/Air       ###...       3%          2
c - Ignite Poison         Fire/Tmut/Pois ###.....     10%         3
d - Olgreb's Toxic Radia  Pois           #####...     3%          4
e - Mephitic Cloud        Conj/Pois/Air  ###.....     11%         3

Your spell library contained the following spells:

 Spells                   Type           Power        Failure   Level


Dungeon Overview and Level Annotations

Branches:
Dungeon (5/15)
 Temple: D:4-7

Altars:
Fedhas
Sif Muna
Xom


Innate Abilities, Weirdness & Mutations

You have hoof-like feet.
You are partially covered in sharp spines.
You are immune to rotting.
You are partially covered in razor-sharp scales. (AC +1, Slay +1)


Message History

Casting: Sting (safe; 1% risk of failure)
Confirm with . or Enter, or press ? or * to list all spells.
Aiming: Sting (safe; 1% risk of failure)
Press: ? - help, Shift-Dir - straight line, f/p - orc priest
Aim: an orc priest, wearing a +0 ring mail (almost dead, very poisoned)
The sting hits the hound skeleton.
The hound skeleton partially resists.
The hound skeleton is lightly damaged.
The orc priest calls down the wrath of Beogh upon you.
Beogh smites you!
* * * LOW HITPOINT WARNING * * *
Casting: Sting (safe; 1% risk of failure)
Confirm with . or Enter, or press ? or * to list all spells.
You miscast Ignite Poison.
You are very lightly contaminated with residual magic.
Nothing appears to happen.
The hound skeleton is struck by your spines.
The hound skeleton bites you but does no damage.
The orc priest mumbles some strange prayers to Beogh against you.
Beogh smites you!
You die...

**##*** *,,..,* ##########*
*,**#.##############........<,
****,*
#...[.o)Z@....##.########,
,,,,,**#.)#..................#
*,
****,..)Z.#.########.##..###.#
*, *##.##.#.# #######..# #.#
*, #,*#.#.#**##........# #.#
*, ******,*#.#..,,..........#
#.# *,
,,,,,,,*#.###,*##.#####..###.#
*, ******,,..,,,,***,*
#...##.###. * *,**,,,,,,,,,*
#..........


You could see an orc priest (very poisoned) and a hound skeleton.

Vanquished Creatures
  Pikel (D:5)
  An ogre (D:4)
  An orc priest (D:4)
  3 hounds
  5 orc wizards
  2 worker ants
  4 gnolls (D:4)
  4 adders
  2 white imps (D:5)
  An ufetubus (D:5)
  An ooze (D:3)
  5 worms
  4 dart slugs
  4 leopard geckos
  9 orcs
  5 bats
  A giant cockroach (D:3)
  7 goblins
  6 hobgoblins
  5 jackals
  8 quokkas
  5 frilled lizards
  9 kobolds
  10 rats
103 creatures vanquished.

Vanquished Creatures (others)
  6 plants (D:3)
6 creatures vanquished.

Grand Total: 109 creatures vanquished

Notes
Turn   | Place    | Note
-------+----------+-------------------------------------------
     0 | D:1      | night the Demonspawn Venom Mage began the quest for the
                  | Orb.
     0 | D:1      | Reached XP level 1. HP: 13/13 MP: 3/3
   484 | D:1      | Gained mutation: You have large cloven feet. [demonic
                  | ancestry]
   484 | D:1      | Reached XP level 2. HP: 15/19 MP: 1/5
   531 | D:1      | Learned a level 2 spell: Poisonous Vapours
  1193 | D:2      | Reached XP level 3. HP: 24/24 MP: 6/6
  1219 | D:2      | Reached skill level 4 in Poison Magic
  1250 | D:2      | Learned a level 3 spell: Mephitic Cloud
  1448 | D:2      | Found a blossoming altar of Fedhas.
  1775 | D:2      | Found a shimmering altar of Xom.
  1976 | D:2      | Gained mutation: You are partially covered in sharp spines.
                  | [demonic ancestry]
  1976 | D:2      | Reached XP level 4. HP: 28/30 MP: 2/8
  2732 | D:3      | Reached skill level 5 in Poison Magic
  2732 | D:3      | Gained mutation: You are immune to rotting. [demonic
                  | ancestry]
  2732 | D:3      | Reached XP level 5. HP: 12/35 MP: 0/9
  3118 | D:3      | Learned a level 3 spell: Ignite Poison
  4007 | D:4      | Reached XP level 6. HP: 41/41 MP: 5/11
  4069 | D:4      | Reached skill level 6 in Poison Magic
  4495 | D:4      | Found a shimmering blue altar of Sif Muna.
  4657 | D:4      | Learned a level 4 spell: Olgreb's Toxic Radiance
  4913 | D:5      | Entered Level 5 of the Dungeon
  4943 | D:5      | Noticed an ice beast
  4954 | D:4      | HP: 4/41 [ice beast (5)]
  5450 | D:5      | Noticed Pikel
  5459 | D:5      | Killed Pikel
  5459 | D:5      | Reached skill level 5 in Spellcasting
  5459 | D:5      | Reached skill level 8 in Poison Magic
  5459 | D:5      | Gained mutation: You have hoof-like feet. [demonic
                  | ancestry]
  5459 | D:5      | Reached XP level 7. HP: 18/46 MP: 13/14
  5829 | D:5      | Gained mutation: You are partially covered in razor-sharp
                  | scales. (AC +1, Slay +1) [demonic ancestry]
  5829 | D:5      | Reached XP level 8. HP: 40/52 MP: 15/15
  5856 | D:5      | HP: 7/52 [orc priest/divine providence (13)]
  5857 | D:5      | Killed from afar by an orc priest

Illustrated notes

Levels and vault maps discovered:
D:1:      tarquinn_simple_flora_water_d, layout_basic
D:2:      layout_rooms, fedhas_altar_1, xom_teletrap_fun
D:3:      layout_basic, serial_bayou_lake_a
D:4:      layout_basic, marbit_many_paths
D:5:      layout_loops_ring, kennysheep_vampire_church, basic_altar, uniq_pikel

Skill      XL: |  1  2  3  4  5  6 |
---------------+-------------------+-----
Poison Magic   | 4 5 8 |  8.3
Spellcasting   | 3 5 |  5.2
Dodging        | |  1.7
Stealth        | |  1.7
Transmutations | |  0.8

Action                   |  1- 3 |  4- 6 |  7- 9 || total
-------------------------+-------+-------+-------++-------
Melee: Mace              |    46 |    12 |       ||    58
       Kick              |     8 |     8 |       ||    16
       Whip              |       |    43 |     5 ||    48
Throw: Stone             |       |     2 |       ||     2
       Dart              |       |     2 |       ||     2
 Cast: Sting             |    25 |    54 |     9 ||    88
       Poisonous Vapours |     1 |    17 |     3 ||    21
       Olgreb's Toxic Ra |       |     2 |     3 ||     5
       Ignite Poison     |       |     2 |     1 ||     3
  Use: Scroll            |       |     1 |     7 ||     8
 Stab: Sleeping          |     1 |     1 |       ||     2
Armor: Robe              |     4 |     4 |     2 ||    10
Dodge: Dodged            |    28 |    48 |     7 ||    83

Table legend: (Time is in decaauts)
 A = Elapsed time spent in this place.
 B = Non-inter-level travel time spent in this place.
 C = Inter-level travel time spent in this place.
 D = Time resting spent in this place.
 E = Time spent auto-exploring this place.
 F = Levels seen in this place.
 G = Mean time per level.
                   A        B        C        D        E       F      G
               +--------+--------+--------+--------+--------+-----+--------+
         Total |   5931 |   5728 |    203 |   1528 |   3276 |   5 | 1186.2 |
       Dungeon |   5931 |   5728 |    203 |   1528 |   3276 |   5 | 1186.2 |
               +--------+--------+--------+--------+--------+-----+--------+

Top non-repeatable levels by time:
     D:3: 1518 daAuts
     D:4: 1461 daAuts
     D:2: 1197 daAuts
     D:1: 1154 daAuts
     D:5: 598 daAuts
